 Dungeon Crawl Stone Soup version 0.27-a0-1189-gb8eb6cee8e (webtiles) character file.

Game seed: 15823920808213425038

520 siradein the Slicer (level 7, -2/49 HPs)
             Began as a Vampire Brigand on May 22, 2021.
             Slain by a mummy (12 damage)
             ... in an ossuary.
             The game lasted 00:12:36 (3774 turns).

siradein the Slicer (Vampire Brigand)               Turns: 3774, Time: 00:12:36

Health: -2/49      AC:  5    Str: 10    XL:     7   Next: 1%
Magic:  7/7        EV: 11    Int: 14    God:
Gold:   198        SH:  0    Dex: 17    Spells: 6/6 levels left

rFire    . . .     SeeInvis +   t - +1 dagger (speed)
rCold    . . .     Faith    .   (no shield)
rNeg     . . .     Spirit   .   k - +0 leather armour
rPois    .         Reflect  .   (no helmet)
rElec    .         Harm     .   c - +0 cloak
rCorr    .         Rampage  .   j - +0 pair of gloves
Will     .....                  (no boots)
Stlth    +++.......             (no amulet)
HPRegen  0.36/turn              (no ring)
MPRegen  0.10/turn              (no ring)

@: marked, healing quickly
A: alive, fangs 3, see invisible, vampiric 2
a: Exsanguinate


You were in an ossuary.
You visited 1 branch of the dungeon, and saw 5 of its levels.
You also visited: Ossuary.

You collected 198 gold pieces.

Inventory:

Hand Weapons
 a - a +2 dagger
 t - a +1 dagger of speed (weapon)
Missiles
 d - 11 poisoned darts (quivered)
 e - 2 curare-tipped darts
 l - 2 datura-tipped darts
Armour
 c - a +0 cloak (worn)
 j - a +0 pair of gloves (worn)
 k - a +0 leather armour (worn)
Wands
 m - a wand of iceblast (9)
Scrolls
 f - a scroll of teleportation
 g - a scroll of magic mapping
 i - a scroll of enchant weapon {unknown}
 n - a scroll of torment {unknown}
 p - a scroll of fog {unknown}
 q - 2 scrolls of blinking {unknown}
 r - a scroll of enchant armour {unknown}
Potions
 b - a potion of attraction
 h - a potion of ambrosia
 s - a potion of might {unknown}


   Skills:
 - Level 1.7 Fighting
 + Level 8.4 Short Blades
 - Level 1.5 Throwing
 - Level 1.1 Dodging
 - Level 5.8 Stealth


You had 6 spell levels left.
You didn't know any spells.
Your spell library was empty.

Dungeon Overview and Level Annotations

Branches:
Dungeon (5/15)            Ossuary (1/1)
 Temple: D:4-7

Altars:
Elyvilon
Hepliaklqana
Sif Muna

Annotations:
D:3 Grinder
D:4 1 runed translucent door, Crazy Yiuf


Innate Abilities, Weirdness & Mutations

Your natural rate of healing is accelerated.
You have razor-sharp teeth.
You have supernaturally acute eyesight. (SInv)
You are afflicted with vampirism and can become a bat while bloodless.


Message History

You hit the mummy.
The mummy is moderately damaged.
The mummy hits you!
You hit the mummy.
The mummy is heavily damaged.
Okay, then.
There is an empty arch of ancient stone here.
There is a gate leading back out of this place here.
You are confused.
You feel invigorated. The mummy hits you.
You hit the mummy.
The mummy is severely damaged.
You bump into the stone wall.
The mummy barely misses you. The mummy closely misses you. The mummy hits you!
The mummy barely misses you.
There is a gate leading back out of this place, spattered with blood here.
You bump into the stone wall.
The mummy barely misses you.
You hit the mummy.
The mummy is severely damaged.
The mummy hits you.
You hit the mummy.
The mummy is lightly damaged.
The mummy hits you!
You bump into the stone wall.
The mummy hits you.
You're too confused to move!
You feel less invigorated.
You feel less confused. The mummy closely misses you.
You hit the mummy.
The mummy is severely damaged.
The mummy hits you!
You hit the mummy.
The mummy is almost destroyed.
The mummy closely misses you. The mummy hits you!
* * * LOW HITPOINT WARNING * * *
You hit the mummy.
The mummy is almost destroyed.
The mummy hits you!
You die...

***,,,'....⌠....M...#**
*,+,,,#.......^.#...+,*
***,,*##.......###..#**
*,+,** ##.....## ##.+,*
***,* ###'### #.#**
**^** #.# *#.#* *,,,*
##M## *,?!* *,,,* #.M.#
*,,!* ***** #@M.# *****
#####


You could see 3 mummies.

Vanquished Creatures
  A black bear (D:3)
  An ogre (D:4)
  A scorpion (D:4)
  A hound (D:2)
  A jelly (D:4)
  An iguana (D:3)
  3 mummies (Ossuary)
  7 adders
  A howler monkey skeleton (D:3)
  An adder zombie (D:2)
  2 worms
  2 dart slugs (D:2)
  4 orcs
  4 bats
  A bat zombie (D:2)
  11 endoplasms
  2 giant cockroaches (D:1)
  5 goblins
  8 hobgoblins
  4 jackals (D:1)
  4 kobolds
  3 ball pythons
  A ball python skeleton (D:2)
  4 frilled lizards
  A giant cockroach zombie (D:2)
  13 rats
87 creatures vanquished.

Vanquished Creatures (others)
  A withered plant (D:2)
1 creature vanquished.

Grand Total: 88 creatures vanquished

Notes
Turn   | Place    | Note
-------+----------+-------------------------------------------
     0 | D:1      | siradein the Vampire Brigand began the quest for the Orb.
     0 | D:1      | Reached XP level 1. HP: 16/16 MP: 1/1
   386 | D:1      | Reached skill level 3 in Short Blades
   436 | D:1      | Reached XP level 2. HP: 22/22 MP: 2/2
  1031 | D:2      | Gained mutation: You are afflicted with vampirism and can
                  | become a bat while bloodless. [Vampire growth]
  1031 | D:2      | Reached XP level 3. HP: 27/27 MP: 3/3
  1056 | D:2      | Reached skill level 4 in Short Blades
  1546 | D:2      | Reached XP level 4. HP: 25/33 MP: 4/4
  1709 | D:2      | Reached skill level 5 in Short Blades
  1849 | D:3      | Noticed Grinder
  2004 | D:3      | Reached skill level 6 in Short Blades
  2004 | D:3      | Reached XP level 5. HP: 38/38 MP: 5/5
  2403 | D:4      | Noticed a black bear
  2445 | D:3      | Killed a black bear
  2446 | D:3      | Reached skill level 7 in Short Blades
  2446 | D:3      | Reached XP level 6. HP: 10/44 MP: 6/6
  2633 | D:4      | Found a runed translucent door.
  2634 | D:4      | Noticed Crazy Yiuf
  2764 | D:4      | Found a hazy altar of Hepliaklqana.
  2764 | D:4      | Found a faded altar of an unknown god.
  2772 | D:4      | Found a faded altar of an unknown god.
  2777 | D:4      | Found a shimmering blue altar of Sif Muna.
  3401 | D:4      | Reached skill level 8 in Short Blades
  3603 | D:5      | Entered Level 5 of the Dungeon
  3635 | D:5      | Found a sand-covered staircase.
  3641 | Ossuary  | Entered an ossuary
  3751 | Ossuary  | Reached XP level 7. HP: 31/49 MP: 7/7
  3774 | Ossuary  | Slain by a mummy

Illustrated notes

Levels and vault maps discovered:
D:1:      elethiomel_arrival_quiet, layout_basic, minmay_surrounded
D:2:      layout_loops_ring, serial_undead, serial_undead_e, serial_undead_a,
          serial_undead_d, serial_undead_d
D:3:      layout_basic, minmay_between, uniq_grinder
D:4:      layout_basic, chequers_temple_overflow_minitemple,
          uniq_crazy_yiuf_cottage
D:5:      layout_loops_ring, lightli_ossuary_entry_decrepit_ruins,
          serial_co_window_serial, co_window_paths_a, co_window_paths_a,
          co_window_paths_a, co_window_corner_a, co_window_corner_a,
          co_window_paths_a, co_window_of_opportunity_a, co_window_corner_ca,
          co_window_cross_3, co_window_of_opportunity_c, co_window_broadway_c,
          co_window_2corner, co_window_4corner_a, co_window_paths_e,
          glass_columns_a, glass_columns_a, glass_columns_b, glass_columns_a,
          uniq_pikel, uniq_blork_the_orc, uniq_ijyb, uniq_menkaure
Ossuary:  ossuary_crypta

Skill      XL: |  1  2  3  4  5  6 |
---------------+-------------------+-----
Short Blades   | 3 4 6 7 8 |  8.4
Fighting       | |  1.7
Throwing       | |  1.5
Dodging        | |  1.1
Stealth        | |  5.8

Action                   |  1- 3 |  4- 6 |  7- 9 || total
-------------------------+-------+-------+-------++-------
Melee: Dagger            |   118 |   212 |    10 ||   340
       Bite              |    14 |    23 |       ||    37
Throw: Dart              |       |     7 |       ||     7
  Use: Scroll            |       |     4 |       ||     4
       Potion            |       |     1 |     1 ||     2
 Stab: Sleeping          |    16 |    12 |       ||    28
       Distracted        |       |     1 |       ||     1
Armor: Robe              |     9 |       |       ||     9
       Leather armour    |    31 |    40 |       ||    71
Dodge: Dodged            |    73 |    86 |     6 ||   165

Table legend: (Time is in decaauts)
 A = Elapsed time spent in this place.
 B = Non-inter-level travel time spent in this place.
 C = Inter-level travel time spent in this place.
 D = Time resting spent in this place.
 E = Time spent auto-exploring this place.
 F = Levels seen in this place.
 G = Mean time per level.
                   A        B        C        D        E       F      G
               +--------+--------+--------+--------+--------+-----+--------+
         Total |   3657 |   3588 |     69 |     44 |   2593 |   6 |  609.5 |
       Dungeon |   3559 |   3490 |     69 |     44 |   2572 |   5 |  711.8 |
       Ossuary |     97 |     97 |      0 |      0 |     21 |   1 |   97.0 |
               +--------+--------+--------+--------+--------+-----+--------+

Top non-repeatable levels by time:
     D:4: 1028 daAuts
     D:1: 1011 daAuts
     D:2: 770 daAuts
     D:3: 718 daAuts
 Ossuary: 97 daAuts
     D:5: 31 daAuts
